 Dungeon Crawl Stone Soup version 0.30.1-3-gfc49f6343a (webtiles) character file.

Game seed: 13027339758486457189

676 croobank the Covert (level 7, -2/49 HPs)
             Began as an Octopode Delver on July 18, 2023.
             Slain by a kobold brigand
             ... wielding a +0 dagger
              (8 damage)
             ... in a sewer.
             The game lasted 00:07:11 (1175 turns).

croobank the Covert (Octopode Delver)               Turns: 1175, Time: 00:07:12

Health: -2/49      AC:  1    Str: 12    XL:     7   Next: 60%
Magic:  7/7        EV: 14    Int: 14    God:
Gold:   38         SH:  0    Dex: 13    Spells: 6/6 levels left

rFire   . . .        a - +0 short sword
rCold   . . .        (no shield)
rNeg    . . .        (helmet restricted)
rPois   .            (no amulet)
rElec   .            (no ring)
rCorr   .            (no ring)
SInv    .            (no ring)
Will    .....        (no ring)
Stlth   +++++        (no ring)
HPRegen 0.28/turn    (no ring)
MPRegen 0.10/turn    (no ring)
                     (no ring)

%: no passive effects
@: no status effects
A: almost no armour, amphibious, 8 rings, camouflage 1, gelatinous body 1,
(nimble swimmer 1), tentacles
a: no special abilities


You were in a sewer.
You visited 2 branches of the dungeon, and saw 5 of its levels.
You also visited: Sewer.

You collected 38 gold pieces.

Inventory:

Hand Weapons
 a - a +0 short sword (weapon)
 b - a +0 shortbow
 k - a +0 dagger
Missiles
 e - 2 throwing nets (quivered)
Jewellery
 r - a ring of see invisible
Wands
 f - a wand of digging (3)
 h - a wand of mindburst (6)
 l - a wand of acid (2)
Scrolls
 c - a scroll of magic mapping
 d - a scroll of fear
 g - a scroll of poison {unknown}
 j - a scroll of torment {unknown}
 n - a scroll of enchant weapon {unknown}
 p - 2 scrolls of identify {unknown}
 q - a scroll of fog
Potions
 i - 2 potions of curing
 m - 2 potions of heal wounds
 o - a potion of might {unknown}


   Skills:
 + Level 4.6 Fighting
 + Level 4.0 Short Blades
 + Level 4.0 Dodging
 * Level 9.8 Stealth


You had 6 spell levels left.
You didn't know any spells.
Your spell library was empty.

Dungeon Overview and Level Annotations

Branches:
Dungeon (7/15)             Temple (1/1) D:4           Sewer (1/1)

Altars:
Ashenzari
Cheibriados
Dithmenos
Elyvilon
Fedhas
Gozag
Hepliaklqana
Makhleb
Nemelex Xobeh
Qazlal
Ru
Sif Muna
Trog
Uskayaw
Vehumet
Yredelemnul
Zin

Annotations:
D:4 Sigmund


Innate Abilities, Weirdness & Mutations

You cannot wear most types of armour.
You are amphibious.
You can wear up to eight rings at the same time.
Your skin changes colour to match your surroundings (Stealth+).
Your rubbery body absorbs attacks. (AC +1, EV +1)
((You are camouflaged when in or above water. (Stealth+)))
You have tentacles for arms and can constrict up to eight enemies at once.


Message History

You constrict the kobold brigand. You constrict the kobold.
You kill the kobold!
The kobold brigand closely misses you. The kobold brigand barely misses you.
The kobold throws a stone.
The stone closely misses you.
You hit the kobold brigand.
The kobold brigand is moderately wounded.
You constrict the kobold brigand. x2; The kobold throws a stone.
The stone closely misses you. The kobold brigand barely misses you.
The kobold brigand closely misses you.
You hit the kobold brigand.
The kobold brigand is moderately wounded.
You constrict the kobold brigand. x2; The kobold brigand closely misses you.
The kobold brigand hits you with a +0 dagger.
You hit the kobold but do no damage. You grab the kobold.
You constrict the kobold brigand.
You constrict the kobold, but do no damage.
You constrict the kobold brigand, but do no damage.
You hit the kobold brigand. You squeeze the kobold brigand.
The kobold brigand is severely wounded.
You constrict the kobold brigand. You constrict the kobold.
You constrict the kobold brigand, but do no damage.
The kobold hits you with a +0 dagger.
The kobold brigand hits you with a +1 dagger of protection.
The kobold brigand hits you with a +0 dagger.
You barely miss the kobold brigand.
The kobold brigand is severely wounded.
You constrict the kobold brigand. You constrict the kobold.
You kill the kobold!
You constrict the kobold brigand, but do no damage.
The kobold brigand hits you with a +1 dagger of protection!
* * * LOW HITPOINT WARNING * * *
The kobold brigand hits you with a +0 dagger.
* * * LOW HITPOINT WARNING * * *
You hit the kobold brigand but do no damage.
The kobold brigand is heavily wounded.
You constrict the kobold brigand. x2
The kobold brigand hits you with a +1 dagger of protection.
* * * LOW HITPOINT WARNING * * *
The kobold brigand hits you with a +0 dagger!
You die...

######
#!...#
#!.∩.#
#!...#
#))K.#
##@K##
###..~~#
#...~~~#
##...~.~#
#.......#
#.†....P#
#......~#
##....P~~#
#.....~~~#


You could see 2 kobold brigands.

Vanquished Creatures
  An ogre (D:7)
  A centaur (D:5)
  2 phantoms (D:5)
  A gnoll sergeant (D:5)
  2 hounds
  2 orc priests (D:4)
  2 orc wizards
  4 adders (D:5)
  7 gnolls
  A worm (D:4)
  5 orcs
  A bat (Sewer)
  A giant cockroach (Sewer)
  A quokka (D:5)
  A ball python (Sewer)
  A frilled lizard (Sewer)
  9 kobolds
42 creatures vanquished.

Notes
Turn   | Place    | Note
-------+----------+-------------------------------------------
     0 | D:5      | croobank the Octopode Delver began the quest for the Orb.
     0 | D:5      | Reached XP level 1. HP: 16/16 MP: 1/1
    52 | D:7      | Noticed a hound
    56 | D:7      | Killed a hound
    57 | D:7      | Reached skill level 7 in Stealth
    57 | D:7      | Reached XP level 2. HP: 16/21 MP: 2/2
    57 | D:7      | Reached XP level 3. HP: 20/26 MP: 3/3
    91 | D:7      | Noticed an ogre
    94 | D:7      | Killed an ogre
    95 | D:7      | Reached XP level 4. HP: 32/32 MP: 4/4
   130 | D:7      | Noticed a kobold brigand
   143 | D:7      | Reached XP level 5. HP: 36/36 MP: 5/5
   187 | D:7      | Reached skill level 8 in Stealth
   374 | D:5      | Noticed a phantom
   386 | D:5      | Killed a phantom
   387 | D:5      | Reached XP level 6. HP: 30/43 MP: 6/6
   668 | D:5      | Reached skill level 9 in Stealth
   718 | D:5      | Reached XP level 7. HP: 48/48 MP: 7/7
   953 | D:4      | Found a staircase to the Ecumenical Temple.
   965 | Temple   | Entered the Ecumenical Temple
  1063 | D:4      | Found a glowing drain.
  1065 | D:4      | Noticed Sigmund
  1080 | Sewer    | Entered a sewer
  1175 | Sewer    | Slain by a kobold brigand

Illustrated notes

Levels and vault maps discovered:
D:4:      layout_rooms, nicolae_kikubaaqudgha_miasma_corner,
          minmay_temple_entry_glassed_door, cheibrodos_sewer_entry_bend,
          uniq_sigmund, uniq_edmund, uniq_natasha, uniq_eustachio
D:5:      layout_rooms, hellmonk_okawaru_the_only_friend_you_need,
          corexii_checkpoint_a, uniq_pikel
D:6:      layout_loops_ring, gammafunk_ghost_arena, nicolae_half_adder
D:7:      layout_basic, hellmonk_ghost_happy_afterlife, nicolae_sextant,
          minmay_lizard_king
Temple:   nicolae_temple_two_arcs
Sewer:    kennysheep_pipe_town

Skill      XL: |  1  2  3  4  5  6  7 |
---------------+----------------------+-----
Stealth        | 7 8 9 |  9.8
Short Blades   | 3 4 |  4.0
Dodging        | 3 4 |  4.0
Fighting       | 4 |  4.6

Action                     |  1- 3 |  4- 6 |  7- 9 || total
---------------------------+-------+-------+-------++-------
  Melee: Short sword       |     5 |    49 |    46 ||   100
         Constrict         |     1 |     5 |    15 ||    21
         Tentacles         |     1 |     7 |    17 ||    25
         Punch             |       |     1 |     1 ||     2
  Evoke: Wand              |       |     6 |     9 ||    15
    Use: Potion            |       |       |     3 ||     3
         Scroll            |       |       |     1 ||     1
   Stab: Sleeping          |     2 |     1 |     4 ||     7
         Distracted        |       |     1 |       ||     1
 Armour: Skin              |       |     1 |       ||     1
  Dodge: Dodged            |     1 |    29 |    37 ||    67
